Map: Dusk Towers

Players

Shadow

  • Race: Zerg Zerg
  • League: Master

MorN - Winner!

  • Race: Terran Terran
  • League: Master

VOD

Have the link to the VOD?

Description

Time

  • Played on: Dec. 25, 2015, 7:30 p.m.
  • Length: 16:43
Show
View Real Time Build Order
Export as new Build Order

Shadow Zerg 

Build Orders: Hatch First 

Get SALT Encoding   

  12  0:01  Drone  
  13  0:09  Drone  
  14  0:17  Overlord  
  14  0:35  Drone x3  
  17  0:53  Hatchery  
  17  0:55  Drone  
  17  0:58  Drone  
  18  1:11  Spawning Pool  
  18  1:15  Drone  
  18  1:23  Drone  
  19  1:29  Drone  
  20  1:41  Hatchery  
  19  1:58  Queen  
  21  2:01  Overlord  
  21  2:04  Queen  
  21  2:07  Zergling x2  
  24  2:10  Zergling x2  
  24  2:14  Drone  
  26  2:17  Drone x2  
  28  2:24  Drone  
  29  2:35  Extractor  
  29  2:39  Queen  
  30  2:47  Queen  
  30  2:49  Drone x3  
  34  3:05  Drone x4  
  37  3:11  Drone, Queen  
  37  3:12  Drone  
  41  3:19  Drone  
  41  3:26  Extractor  
  40  3:27  Drone, Extractor  
  40  3:29  Drone  
  41  3:36  Overlord  
  41  3:39  Extractor  
  41  3:40  Drone  
  41  3:51  Overlord  
  41  3:54  Queen  
  44  3:55  Drone x2  
  44  3:56  Drone x2, Overlord  
  44  3:57  Drone x2  
  49  4:08  Metabolic Boost  
  49  4:12  Drone x3  
  49  4:14  Drone x3  
  49  4:15  Drone  
  56  4:17  Drone  
  57  4:27  Drone x3  
  60  4:41  Spine Crawler  
  59  4:47  Overlord, Drone  
  59  4:48  Drone x4  
  59  4:49  Lair  
  59  4:52  Drone x2  
  66  4:53  Roach Warren  
  66  4:55  Drone  
  66  5:10  Overlord  
  66  5:14  Overlord  
  66  5:15  Extractor  
  66  5:17  Evolution Chamber, Spore Crawler  
  66  5:18  Evolution Chamber, Spore Crawler  
  66  5:19  Spore Crawler  
  56  5:29  Drone  
  56  5:30  Drone x7  
  56  5:34  Roach  
  65  5:49  Overlord, Overseer  
  65  5:51  Drone  
  65  6:00  Zergling x4  
  65  6:01  Roach  
  62  6:13  Drone x2  
  62  6:14  Drone x5  
  69  6:23  Glial Reconstitution  
  69  6:24  Zerg Missile Weapons Level 1, Zerg Ground Armor Level 1  
  69  6:26  Drone  
  69  6:27  Drone x2  
  72  6:33  Overlord  
  72  6:34  Drone x2  
  72  6:35  Drone x2  
  72  6:38  Hatchery  
  75  6:41  Roach, Extractor  
  75  6:42  Roach, Extractor  
  75  6:43  Ravager  
  75  6:44  Ravager  
  79  6:49  Spire  
  79  6:51  Drone x2  
  79  6:52  Drone  
  81  6:55  Drone  
  81  6:56  Drone x2  
  81  6:57  Drone  
  81  7:00  Roach, Zergling x2  
  88  7:07  Drone x3  
  92  7:08  Drone  
  92  7:18  Roach x3  
  98  7:24  Overlord  
  98  7:35  Overlord x5  
  98  7:43  Overlord  
  98  7:52  Roach x3  
  98  7:53  Overlord  
  106  7:58  Roach  
  106  7:59  Roach x11  
  106  8:00  Ravager x6  
  106  8:01  Zergling x2  
  106  8:04  Corruptor  
  137  8:07  Corruptor  
  137  8:11  Corruptor  
  141  8:16  Corruptor  
  143  8:24  Zerg Ground Armor Level 2, Zerg Missile Weapons Level 2  
  143  8:27  Corruptor  
  143  8:28  Roach  
  147  8:39  Roach, Zergling x4  
  147  8:40  Roach  
  151  8:48  Roach, Zergling x4  
  139  8:51  Zergling x2  
  139  8:52  Roach x3, Zergling x4  
  139  8:54  Roach, Zergling x2  
  131  8:57  Roach, Zergling x2  
  131  9:02  Roach, Zergling x2  
  130  9:04  Roach x2  
  130  9:05  Roach  
  136  9:13  Roach x4  
  136  9:15  Ravager x4  
  136  9:16  Ravager  
  149  9:22  Pneumatized Carapace  
  148  9:24  Roach, Zergling x2  
  148  9:25  Roach, Zergling x2  
  154  9:33  Overlord x2  
  153  9:40  Baneling Nest  
  153  9:43  Overlord  
  152  9:55  Infestation Pit  
  152  9:58  Roach x5  
  152  9:59  Roach x4  
  169  10:00  Overlord  
  169  10:03  Ravager x3  
  158  10:20  Zergling x2  
  158  10:21  Roach x2  
  144  10:22  Roach, Zergling x2  
  144  10:23  Roach, Zergling x2  
  144  10:27  Roach x3  
  154  10:30  Overlord  
  154  10:34  Hatchery, Ravager  
  154  10:35  Overlord  
  154  10:36  Overlord  
  154  10:40  Overlord  
  154  10:44  Hive  
  154  10:54  Overlord  
  154  10:55  Ravager  
  154  10:56  Ravager x6  
  161  11:05  Hatchery  
  161  11:06  Overlord x2  
  161  11:08  Roach  
  161  11:09  Ravager  
  164  11:11  Ravager  
  164  11:24  Roach x3  
  164  11:25  Hatchery, Roach x5  
  180  11:26  Roach x2  
  180  11:27  Roach x2  
  187  11:33  Roach x3, Zergling x6  
  187  11:37  Zergling x2  
  187  11:38  Roach, Zergling x2  
  198  11:55  Overseer x2  
  198  12:01  Roach  
  200  12:10  Baneling x5  
  200  12:11  Baneling x7  
  200  12:22  Roach x2, Zergling x4  
  172  12:34  Roach, Zergling x2  
  143  12:41  Roach x2, Zergling x4  
  92  12:45  Roach  
  92  12:46  Roach x16  
  121  12:52  Roach, Zergling x2  
  121  12:53  Roach  
  126  13:09  Ravager x3  
  126  13:10  Ravager x4  
  126  13:11  Zergling x2  
  126  13:12  Zergling x20  
  144  13:16  Roach, Zergling x2  
  144  13:20  Zergling x2  
  144  13:21  Roach  
  144  13:25  Zergling x4  
  147  13:27  Zergling x2  
  147  13:30  Zergling x2  
  148  13:39  Zergling x4  
  148  13:40  Zergling x8  
  150  13:42  Baneling x3  
  150  13:58  Baneling x2  
  150  13:59  Baneling x2  
  150  14:01  Ravager  
  123  14:25  Extractor x2  
  123  14:27  Roach x2, Zergling x4  
  127  14:34  Centrifical Hooks  
  127  14:41  Spine Crawler, Ravager x2  
  127  14:42  Ravager x5  
  133  14:46  Roach x3, Zergling x12  
  133  14:47  Zergling x6  
  133  14:52  Ravager  
  149  14:53  Roach x2, Zergling x6  
  156  15:03  Overlord  
  156  15:10  Roach  
  156  15:11  Roach  
  156  15:16  Overseer  
  156  15:18  Roach, Zergling x4  
  156  15:20  Ravager  
  156  15:21  Ravager, Roach x4  
  166  15:22  Roach  
  166  15:25  Baneling x3  
  166  15:26  Baneling x3  
  172  15:29  Drone  
  172  15:30  Drone x2  
  172  15:35  Baneling x4  
  175  15:36  Baneling  
  160  15:56  Roach, Zergling x2  
  128  16:03  Roach x4  
  128  16:04  Roach  
  129  16:13  Zergling x2  
  129  16:14  Roach  
Show
View Real Time Build Order
Export as new Build Order

MorN Terran - Winner!

Build Orders: Reaper Expand, MMM Bio, Banshee Rush 

Get SALT Encoding   

  12  0:00  SCV  
  13  0:12  SCV  
  14  0:17  Supply Depot  
  14  0:24  SCV  
  15  0:38  SCV  
  15  0:40  Barracks  
  16  0:44  Refinery  
  16  0:50  SCV  
  17  1:02  SCV  
  18  1:16  SCV  
  19  1:29  Reaper, Orbital Command  
  20  1:38  Command Center  
  20  1:48  Supply Depot  
  20  1:55  SCV  
  21  2:06  Barracks Reactor  
  21  2:07  SCV  
  22  2:23  Factory  
  22  2:26  SCV  
  22  2:29  Refinery  
  23  2:38  SCV  
  24  2:45  Marine x2  
  24  2:48  Command Center  
  24  2:50  SCV  
  28  2:59  Orbital Command  
  28  3:02  SCV  
  28  3:15  SCV, Starport  
  28  3:16  Barracks Tech Lab  
  28  3:18  Hellion  
  31  3:27  SCV  
  32  3:32  SCV  
  33  3:39  SCV  
  34  3:42  Hellion x2  
  34  3:44  SCV, Barracks Tech Lab  
  39  3:51  SCV  
  40  3:57  SCV, Cloaking Field, Banshee  
  40  4:01  Orbital Command  
  44  4:03  SCV  
  44  4:05  Marine  
  44  4:09  SCV  
  47  4:10  Stimpack  
  47  4:15  SCV  
  47  4:16  Hellion  
  47  4:17  Hellion  
  52  4:21  SCV  
  53  4:26  Marine  
  53  4:28  SCV  
  55  4:32  SCV  
  55  4:36  Supply Depot  
  56  4:39  Supply Depot, SCV  
  56  4:40  Banshee  
  60  4:48  Barracks  
  60  4:51  Barracks  
  60  4:55  Factory Reactor  
  60  4:57  SCV  
  60  4:58  SCV x2  
  60  4:59  Engineering Bay  
  63  5:00  Marine  
  63  5:01  Engineering Bay  
  64  5:09  SCV  
  64  5:12  Refinery  
  64  5:13  Supply Depot, Refinery  
  65  5:24  SCV x3  
  68  5:33  Starport Reactor  
  68  5:35  Supply Depot  
  68  5:36  SCV  
  68  5:39  SCV  
  70  5:43  Orbital Command  
  70  5:51  Marine x3  
  70  6:02  SCV  
  71  6:09  Marine x2  
  68  6:11  SCV  
  68  6:15  SCV x2  
  71  6:19  Marine  
  71  6:20  Marine x2  
  71  6:21  Siege Tank  
  71  6:22  Terran Infantry Weapons Level 1, Terran Infantry Armor Level 1  
  71  6:24  Supply Depot  
  77  6:26  Marine, Medivac x2  
  77  6:29  Combat Shields, Barracks x2  
  83  6:32  SCV  
  83  6:34  Missile Turret  
  83  6:36  SCV, Missile Turret  
  83  6:37  Missile Turret  
  83  6:38  Marauder  
  83  6:39  Marine x3  
  88  6:42  SCV  
  88  6:44  Marine  
  91  6:48  Factory  
  91  6:50  Missile Turret  
  91  6:57  Marine x3  
  91  6:58  SCV  
  91  6:59  Barracks, Medivac x2  
  91  7:00  Barracks  
  91  7:01  Barracks  
  99  7:04  SCV  
  99  7:05  Supply Depot  
  99  7:07  Marine  
  101  7:11  Armory  
  101  7:12  Refinery  
  101  7:13  Refinery  
  101  7:14  Supply Depot  
  101  7:16  Supply Depot  
  101  7:23  Barracks Reactor x2  
  101  7:26  SCV x3, Marine x4  
  101  7:27  Supply Depot  
  108  7:34  Marine  
  108  7:35  Siege Tank  
  112  7:38  SCV x3  
  112  7:44  Factory Reactor, Marine x4  
  115  7:46  Supply Depot  
  115  7:50  SCV  
  120  7:52  Marine  
  123  8:00  Barracks Tech Lab x3  
  123  8:01  Terran Vehicle Weapons Level 1  
  123  8:02  Marine  
  123  8:03  Command Center  
  122  8:05  Medivac x2  
  122  8:06  SCV x2  
  122  8:10  Marine x5  
  122  8:11  Marine x3  
  136  8:15  Supply Depot x2  
  136  8:16  Supply Depot  
  136  8:18  Marine x2  
  136  8:19  Marine, Missile Turret, Concussive Shells, Marauder  
  141  8:33  Marine x2  
  140  8:36  Marauder  
  140  8:37  Marine x3  
  140  8:38  Marauder  
  138  8:52  Marine x3  
  138  8:53  Marauder  
  138  8:55  Marine x4  
  135  8:56  Marine  
  135  8:58  Marauder  
  135  9:00  Marauder  
  131  9:05  Marine  
  131  9:08  Terran Infantry Weapons Level 2, Terran Infantry Armor Level 2  
  131  9:09  Marine  
  130  9:13  Marauder  
  130  9:14  Marauder  
  130  9:15  Planetary Fortress, Marine x3  
  138  9:19  Marauder  
  138  9:21  Marauder  
  142  9:26  SCV  
  142  9:30  Missile Turret, Marine  
  142  9:31  Marine x2  
  146  9:35  Marauder x2  
  146  9:38  Marine x2  
  150  9:40  Marauder  
  150  9:42  Marauder  
  150  9:44  Marine x2  
  150  9:45  Marine  
  158  9:46  Widow Mine x2  
  158  9:47  Widow Mine  
  158  9:48  Drilling Claws, Marine x2  
  166  9:54  Marine  
  166  9:56  Marauder, Marine  
  166  9:57  Marauder  
  166  9:58  Marine  
  173  10:01  Marine  
  173  10:02  Marauder, Marine  
  173  10:04  Marine, Marauder  
  180  10:07  Marine x2  
  180  10:12  Medivac, Marine  
  180  10:14  Marine  
  172  10:16  Marine  
  172  10:17  Marauder  
  172  10:18  Marauder  
  172  10:19  Marine  
  161  10:22  Marine x2  
  161  10:23  Marauder  
  161  10:25  Marine x2, Marauder  
  161  10:26  Siege Tank  
  172  10:29  Marine  
  172  10:30  Medivac  
  172  10:31  Marine  
  172  10:34  Marine  
  177  10:38  SCV x2  
  177  10:41  Supply Depot  
  179  10:53  Marine  
  180  11:00  Supply Depot x2  
  180  11:02  Medivac, Marine x2  
  180  11:03  Marauder x2  
  187  11:14  Starport  
  187  11:16  Starport  
  187  11:21  Marauder x2, Medivac  
  187  11:22  Marine x2  
  187  11:24  Marauder  
  197  11:30  Marine x2  
  196  11:46  Marauder, Marine x2  
  200  12:07  Starport Reactor  
  200  12:08  Starport Tech Lab  
  200  12:12  Terran Infantry Weapons Level 3, Terran Infantry Armor Level 3  
  200  12:16  Command Center, Fusion Core  
  200  12:17  Command Center  
  176  12:30  Marine x2  
  176  12:31  Marauder  
  176  12:33  Marine x2  
  176  12:34  Marauder  
  165  12:40  Marine x2  
  165  12:41  Marine x2, Marauder  
  165  12:42  Marauder  
  150  12:46  Medivac x5  
  152  12:52  Marine  
  152  12:53  Marauder, Marine  
  156  12:59  Marine x2  
  156  13:00  Marine, Marauder  
  156  13:01  Terran Vehicle Weapons Level 2  
  156  13:03  Siege Tank, Widow Mine x2  
  168  13:10  Advanced Ballistics  
  168  13:16  Medivac x3  
  159  13:28  Medivac x2  
  153  13:35  Liberator  
  153  13:38  Marine x2  
  153  13:39  Marauder  
  153  13:40  Siege Tank  
  155  13:52  Marauder, Marine x2  
  162  14:00  Marine x2  
  162  14:01  Marauder  
  166  14:09  Marauder, Marine  
  160  14:12  Marauder, Marine  
  160  14:15  Marauder, Marine x2  
  160  14:16  Widow Mine, Siege Tank, Marine  
  170  14:20  Sensor Tower  
  170  14:22  Marauder  
  170  14:23  Ghost Academy  
  170  14:24  Marine x2  
  172  14:31  Marauder  
  176  14:34  Marauder  
  176  14:38  Marine x3  
  180  14:39  Marauder  
  180  14:45  Marine x3  
  183  14:46  Marauder, Marine x2  
  183  14:47  Widow Mine x2  
  183  14:52  Marauder  
  196  14:53  Refinery x2  
  196  14:54  Refinery  
  196  14:55  Marine, Marauder  
  196  14:56  Refinery  
  199  15:00  Marine  
  200  15:10  Barracks  
  200  15:11  Barracks  
  200  15:13  Barracks  
  200  15:35  Planetary Fortress  
  198  15:44  Marine x2  
  197  15:54  Marine x2  
  197  15:55  Marine x2, Marauder  
  197  15:56  Marauder  
  181  15:58  Marine x2  
  181  15:59  Marauder  
  186  16:05  Widow Mine x2  
  186  16:06  Siege Tank  
  186  16:07  Barracks Tech Lab x2  
  186  16:08  Barracks Reactor  
  169  16:20  Marine x2  
  169  16:21  Marine x2, Marauder  
  169  16:22  Marauder, Marine x4  
Tags
 
Add a new tag
Caveats
  • Supply blocks, unpowered buildings, or Contaminate may cause inaccurate times.
  • Supply counts are checked every 10 seconds.